[Event "Team 45 45 League T44"]
[Site "Internet Chess Club"]
[Date "2010.02.06"]
[Round "1"]
[White "arconia"]
[Black "Bible-Believer"]
[Result "0-1"]
[WhiteElo "1334"]
[BlackElo "1535"]
[Opening "French: advance, Wade variation"]
[ECO "C00"]
[Time "20:00:18"]
[TimeControl "2700+45"]

1. e4 e6 2. Nf3 d5 3. e5 c5 4. c3 Qb6 5. d4 Bd7 6. Bd3 cxd4 7. cxd4 Bb5 8. O-O
Bxd3 9. Qxd3 Qa6 10. Qc2 Nc6 11. Nc3 Nge7 12. a3 Nf5 13. Qd1 Be7 14. b4 Bxb4 15.
Bb2 Ba5 16. Ne2 O-O 17. Ng3 Nxg3 18. fxg3 Rac8 19. g4 Qb6 20. Rb1 Qc7 21. Ng5 h6
22. Nh3 Bb6 23. g5 Qxe5 24. gxh6 Qe3+ 25. Kh1 Qxh6 26. Bc1 Qg6 27. Rb3 Nxd4 28.
Rg3 Qc2 29. Qg4 Qh7 30. Ng5 Qg6 31. h4 f5 32. Qh3 Ne2 33. Bb2 Nxg3+ 34. Qxg3 Rc2
35. Qe5 Qf6 36. Nxe6 Qxe5 37. Bxe5 Re8 38. Rxf5 Rxe6 39. Rg5 Rxe5 40. Rxe5 Rc1+
41. Kh2 Bc7 {White resigns} 0-1

[Event "Team 45 45 League T44"]
[Site "Internet Chess Club"]
[Date "2010.02.07"]
[Round "1"]
[White "AVEMARIA"]
[Black "rayonline53"]
[Result "1-0"]
[WhiteElo "1745"]
[BlackElo "1537"]
[Opening "Sicilian: Alapin's variation (2.c3)"]
[ECO "B22"]
[Time "14:00:56"]
[TimeControl "2700+45"]

1. e4 c5 2. c3 Nf6 3. e5 Nd5 4. Nf3 Nc6 5. Bc4 Nb6 6. Bb3 d5 7. exd6 exd6 8. O-O
Be7 9. Re1 O-O 10. d4 Bf6 11. Be3 c4 12. Bc2 d5 13. Nbd2 Be6 14. Rb1 Nd7 15. b3
b5 16. bxc4 bxc4 17. Bf4 Nb6 18. a4 Be7 19. Ne5 Nxe5 20. Bxe5 Bd6 21. Qh5 g6 22.
Qh6 Bxe5 23. Rxe5 Qf6 24. Nf3 Rfe8 25. Ng5 Qg7 26. Qxg7+ Kxg7 27. Rbe1 Bd7 28.
a5 Na4 29. Bxa4 Bxa4 30. Re7 Kg8 31. Nxf7 Kf8 32. Rxe8+ Bxe8 33. Ng5 h6 34. Ne6+
Kf7 35. Nc7 Rd8 36. Nxe8 Rxe8 37. Rxe8 Kxe8 38. f4 Kd7 39. Kf2 Kc6 40. g4 Kb5
41. f5 gxf5 42. gxf5 Kc6 43. Kf3 Kd6 44. Kf4 Ke7 45. Ke5 {Black resigns} 1-0

[Event "Team 45 45 League T44"]
[Site "Internet Chess Club"]
[Date "2010.02.07"]
[Round "1"]
[White "nursey"]
[Black "GadsHill"]
[Result "1-0"]
[WhiteElo "1555"]
[BlackElo "1491"]
[Opening "Pirc defense"]
[ECO "B07"]
[Time "15:02:05"]
[TimeControl "2700+45"]

1. e4 d6 2. d4 Nf6 3. Nc3 Nbd7 4. Bb5 c6 5. Bc4 e5 6. f4 exd4 7. Qxd4 d5 8. exd5
Bc5 9. Qd3 O-O 10. d6 Re8+ 11. Nge2 Ng4 12. Ne4 Qb6 13. h3 Nf2 14. Nxf2 Bxf2+
15. Kf1 Nc5 16. Qf3 Ne4 17. g4 Qb4 18. Bd3 Bh4 19. c3 Qxd6 20. Bxe4 f5 21. gxf5
Bxf5 22. Ng3 Bxg3 23. Bxf5 Re1+ 24. Kg2 Rae8 25. Kxg3 Rxh1 26. Qxh1 {Black
resigns} 1-0

[Event "Team 45 45 League T44"]
[Site "Internet Chess Club"]
[Date "2010.02.12"]
[Round "1"]
[White "jericho121"]
[Black "CheeryCherry"]
[Result "0-1"]
[WhiteElo "1500"]
[BlackElo "1694"]
[Opening "Ruy Lopez: closed, Bogolyubov variation"]
[ECO "C91"]
[Time "14:31:07"]
[TimeControl "2700+45"]

1. e4 e5 2. Nf3 Nc6 3. Bb5 a6 4. Ba4 Nf6 5. O-O Be7 6. Re1 d6 7. d4 b5 8. Bb3
O-O 9. c3 Bg4 10. d5 Na5 11. Bc2 c5 12. dxc6 Nxc6 13. Nbd2 Qb6 14. Nf1 Rad8 15.
Be3 Qb7 16. h3 Bh5 17. Ng3 Bg6 18. Qe2 b4 19. Bd2 a5 20. cxb4 Nxb4 21. Bxb4 Qxb4
22. Bb3 a4 23. Bc4 Rb8 24. b3 a3 25. Nh4 Bd8 26. Nxg6 hxg6 27. Red1 Bb6 28. Kh1
Bd4 29. Rac1 Qb6 30. f3 Bf2 31. Nf1 Nh5 32. Qd2 Bd4 33. Kh2 Nf4 34. Ng3 Be3 35.
Qc2 Bxc1 36. Qxc1 Qb4 37. Rxd6 Qxd6 {White resigns} 0-1

[Event "Team 45 45 League T44"]
[Site "Internet Chess Club"]
[Date "2010.02.06"]
[Round "1"]
[White "oldprez"]
[Black "AngryPirate"]
[Result "1-0"]
[WhiteElo "1496"]
[BlackElo "1460"]
[Opening "French: exchange variation"]
[ECO "C01"]
[Time "13:30:37"]
[TimeControl "2700+45"]

1. e4 e6 2. d4 d5 3. exd5 exd5 4. Nf3 Bd6 5. Nc3 Ne7 6. Be2 Bg4 7. O-O Nbc6 8.
Nb5 Bb4 9. c3 Ba5 10. Bg5 f6 11. Bh4 a6 12. Na3 Qd7 13. Nc2 Nf5 14. Ne3 Bxf3 15.
Nxf5 Bxe2 16. Qxe2+ Kd8 17. Rfe1 Qxf5 18. b4 Bb6 19. a4 Qd7 20. b5 Na5 21. Qh5
axb5 22. axb5 Qxb5 23. Qf7 Qd7 24. Bxf6+ gxf6 25. Qxf6+ {Black resigns} 1-0

[Event "Team 45 45 League T44"]
[Site "Internet Chess Club"]
[Date "2010.02.08"]
[Round "1"]
[White "CoasterBrake"]
[Black "Moxley"]
[Result "1-0"]
[WhiteElo "1270"]
[BlackElo "1400"]
[Opening "English opening"]
[ECO "A13"]
[Time "18:00:16"]
[TimeControl "2700+45"]

1. c4 e6 2. Nc3 d5 3. cxd5 exd5 4. d4 Nc6 5. Nf3 Bb4 6. Bd2 Bxc3 7. Bxc3 Nf6 8.
g3 O-O 9. Bg2 Ne4 10. O-O Bf5 11. Nd2 Re8 12. Nxe4 Bxe4 13. e3 Bxg2 14. Kxg2 Nb8
15. Qf3 Nd7 16. Qxd5 Rb8 17. Rfe1 c6 18. Qf3 Nf6 19. e4 b5 20. Rad1 Qb6 21. d5
cxd5 22. exd5 Rxe1 23. Rxe1 b4 24. Bxf6 Qxf6 25. Qe4 Qd8 26. Kg1 Kf8 27. Qxh7 f6
28. Qh8+ Kf7 29. Qxd8 Rxd8 30. Rd1 a5 31. b3 Ke7 32. Kg2 Rc8 33. Rd2 Kd6 34. Kf3
Rh8 35. h4 Ke5 36. Ke3 g5 37. hxg5 fxg5 38. f4+ gxf4+ 39. gxf4+ Kd6 40. Kd4 Rh4
41. Ke4 Rg4 42. Kf3 Rg1 43. Ke4 Rg4 44. Rf2 Rg1 45. f5 Re1+ 46. Kd4 Rd1+ 47. Ke4
Re1+ 48. Kd4 Rd1+ 49. Kc4 Rc1+ 50. Kb5 Rc5+ 51. Ka4 Rxd5 52. f6 {Black resigns}
1-0

[Event "Team 45 45 League T44"]
[Site "Internet Chess Club"]
[Date "2010.02.07"]
[Round "1"]
[White "Newcastler"]
[Black "otib2006"]
[Result "1-0"]
[WhiteElo "1358"]
[BlackElo "1344"]
[Opening "King's Indian: 6.Be2"]
[ECO "E91"]
[Time "16:00:14"]
[TimeControl "2700+45"]

1. d4 Nf6 2. c4 g6 3. Nc3 Bg7 4. e4 d6 5. Nf3 O-O 6. Be2 Nbd7 7. O-O b6 8. Qc2
Bb7 9. Rd1 a6 10. h3 c6 11. e5 dxe5 12. dxe5 Ne8 13. e6 fxe6 14. Ng5 Rf6 15.
Nce4 Qc7 16. Nxf6+ Nexf6 17. Nxe6 Qe5 18. Nxg7 Kxg7 19. Bf3 Nc5 20. Qe2 Nce4 21.
Rd3 c5 22. Rb1 a5 23. b3 Ba6 24. Bb2 Qe6 25. Bxf6+ exf6 26. Qxe4 Qxe4 27. Bxe4
Re8 28. Rd7+ Kh6 29. Bd5 Bc8 30. Rd6 Bf5 31. Rc1 Re2 32. a3 Rb2 33. Rxb6 Kg5 34.
f3 Kf4 35. g3+ Kxg3 36. f4 Bxh3 37. Rxf6 Rxb3 38. a4 Kg4 39. Be6+ Kh4 40. Bxh3
Rg3+ 41. Kf2 Kxh3 42. Rh1+ Kg4 43. Rg1 Rxg1 44. Kxg1 Kf3 45. f5 g5 46. Rh6 Ke4
47. f6 Kd4 48. f7 Kxc4 49. f8=Q Kb4 50. Rxh7 Kc4 51. Rh5 Kd4 52. Rxg5 c4 53. Qc8
c3 54. Rc5 Kd3 55. Rxc3+ Kd4 56. Rc5 Kd3 57. Rxa5 Kd4 58. Qc5+ Ke4 59. Kh2 Kf4
60. Kh3 Kf3 61. Kh4 Kg2 62. Qc3 Kf2 63. Rb5 Kg2 64. Rb2+ Kh1 65. Qc1# {Black
checkmated} 1-0

[Event "Team 45 45 League T44"]
[Site "Internet Chess Club"]
[Date "2010.02.12"]
[Round "1"]
[White "RayF"]
[Black "Toalla"]
[Result "1/2-1/2"]
[WhiteElo "1193"]
[BlackElo "1242"]
[Opening "Grünfeld: exchange variation"]
[ECO "D85"]
[Time "08:00:49"]
[TimeControl "2700+45"]

1. d4 d5 2. c4 Nf6 3. Nc3 g6 4. cxd5 Nxd5 5. e4 Nxc3 6. bxc3 e5 7. Nf3 exd4 8.
cxd4 Bb4+ 9. Bd2 Bxd2+ 10. Qxd2 O-O 11. Be2 Nd7 12. O-O c6 13. h3 b5 14. Qh6 Qf6
15. e5 Qg7 16. Qc1 Bb7 17. Ng5 Rfe8 18. Ne4 Re7 19. Nd6 Nxe5 20. dxe5 Qxe5 21.
Qd2 Rd8 22. Rad1 Red7 23. Qa5 Rxd6 24. Bf3 Rxd1 25. Bxd1 Qb8 26. Bf3 Rd6 27. Re1
Re6 28. Rd1 Rd6 29. Re1 Re6 {Game drawn by mutual agreement} 1/2-1/2

[Event "Team 45 45 League T44"]
[Site "Internet Chess Club"]
[Date "2010.02.07"]
[Round "1"]
[White "carolinaknight"]
[Black "hcarstens"]
[Result "1-0"]
[WhiteElo "1252"]
[BlackElo "1217"]
[Opening "French: advance variation"]
[ECO "C02"]
[Time "16:00:31"]
[TimeControl "2700+45"]

1. e4 e6 2. d4 d5 3. e5 Bb4+ 4. c3 Ba5 5. Nf3 c5 6. Be2 cxd4 7. Nxd4 Nc6 8. Bf4
Nxd4 9. Qxd4 Bb6 10. Qb4 Ne7 11. Nd2 O-O 12. O-O Ng6 13. Bg3 Qc7 14. Nf3 Bd7 15.
a4 Bc5 16. Qg4 Qb6 17. Ra2 Be7 18. Bd3 Rac8 19. Rb1 Qb3 20. Raa1 a6 21. Nd4 Qb6
22. Qe2 Qc7 23. Rc1 f6 24. Qg4 Nxe5 25. Bxe5 Qxe5 26. Re1 Qg5 27. Qh3 Qd2 28.
Qxh7+ Kf7 29. Bg6# {Black checkmated} 1-0

[Event "Team 45 45 League T44"]
[Site "Internet Chess Club"]
[Date "2010.02.06"]
[Round "1"]
[White "dabodhi"]
[Black "Traho"]
[Result "1-0"]
[WhiteElo "1210"]
[BlackElo "1292"]
[Opening "Caro-Kann defense"]
[ECO "B15"]
[Time "16:00:23"]
[TimeControl "2700+45"]

1. e4 c6 2. d4 d5 3. Nc3 e6 4. f4 Nd7 5. e5 Ne7 6. Bd3 f5 7. Bd2 c5 8. Nb5 Nc6
9. Nf3 a6 10. Nd6+ Bxd6 11. exd6 cxd4 12. Ng5 Qf6 13. Qh5+ Qg6 14. Qxg6+ hxg6
15. Nxe6 Kf7 16. Nc7 Ra7 17. O-O-O Nf6 18. Rde1 Ne4 19. Bxe4 dxe4 20. Nd5 Be6
21. Nb6 Bxa2 22. b3 a5 23. Nc4 Nb4 24. Ne5+ Ke6 25. d7 Rd8 26. Rhg1 Nc6 27. Nc4
Rxd7 28. g4 Kf6 29. Kb2 e3 30. Bc1 Nb4 31. g5+ Ke7 32. Ne5 Rd6 33. h4 a4 34. Nc4
axb3 35. Bxe3 Re6 36. Bxd4 Ra6 37. Bc5+ Kd7 38. Bxb4 b5 39. Ne5+ Kc7 40. cxb3
Bxb3 41. Rc1+ Kb7 42. Kxb3 Rab6 43. Ba5 Ra6 44. Kb4 Ra8 45. Rc5 Rd8 46. Rf1 Rd4+
47. Kxb5 Re4 48. Rc7+ Kb8 49. Rfc1 Re8 50. Nc6+ Ka8 51. Kb6 Re2 52. Ra7# {Black
checkmated} 1-0

[Event "Team 45 45 League T44"]
[Site "Internet Chess Club"]
[Date "2010.02.06"]
[Round "1"]
[White "jocooper"]
[Black "Tamarin"]
[Result "0-1"]
[WhiteElo "1129"]
[BlackElo "1493"]
[Opening "QGD: 4.Nf3"]
[ECO "D37"]
[Time "21:00:14"]
[TimeControl "2700+45"]

1. d4 d5 2. c4 e6 3. Nc3 Nf6 4. Nf3 Be7 5. e3 Nc6 6. Be2 O-O 7. O-O dxc4 8. Bxc4
b6 9. a3 Bb7 10. b4 a6 11. d5 exd5 12. Nxd5 b5 13. Nxe7+ Qxe7 14. Bb3 Ne5 15.
Nh4 Neg4 16. Nf5 Qe5 17. Ne7+ Kh8 18. f4 Qxa1 19. Qc2 Be4 20. Qe2 Qc3 21. Ba2
Bd3 22. Qe1 Qxe1 23. Rxe1 Be4 24. Bb2 Rfe8 25. Ng6+ hxg6 26. Bxf7 Re7 27. Bb3
Nd5 28. Bxd5 Bxd5 29. Bd4 Rae8 30. h3 Nxe3 31. Be5 Nc4 32. Bxg7+ Kxg7 {White
resigns} 0-1

[Event "Team 45 45 League T44"]
[Site "Internet Chess Club"]
[Date "2010.02.05"]
[Round "1"]
[White "rgadoury"]
[Black "WzeroMN"]
[Result "0-1"]
[WhiteElo "1247"]
[BlackElo "1210"]
[Opening "Queen's pawn game"]
[ECO "A45"]
[Time "16:00:23"]
[TimeControl "2700+45"]

1. d4 Nf6 2. g3 d5 3. Bg2 h6 4. Nf3 Bg4 5. Nbd2 e6 6. O-O c5 7. c4 Nc6 8. dxc5
Bxc5 9. Nb3 Be7 10. Be3 dxc4 11. Qxd8+ Rxd8 12. Nbd2 b5 13. Rfe1 O-O 14. Rad1
Rd7 15. a3 Rfd8 16. h3 Bf5 17. Nh4 Be4 18. Bxe4 Nxe4 19. Nhf3 Nxd2 20. Rxd2 Rxd2
21. Bxd2 Ne5 22. Kg2 Nxf3 23. Kxf3 Rxd2 {White resigns} 0-1

[Event "Team 45 45 League T44"]
[Site "Internet Chess Club"]
[Date "2010.02.07"]
[Round "1"]
[White "WannaB"]
[Black "aapt"]
[Result "1/2-1/2"]
[WhiteElo "999"]
[BlackElo "1392"]
[Opening "Sicilian: closed"]
[ECO "B23"]
[Time "21:03:11"]
[TimeControl "2700+45"]

1. e4 c5 2. Nc3 e6 3. f4 d5 4. exd5 exd5 5. d4 c4 6. Nf3 Bg4 7. Be2 Bxf3 8. Bxf3
Nf6 9. Qe2+ Be7 10. O-O O-O 11. Re1 Re8 12. Qd2 Nc6 13. b3 b5 14. Nxb5 a6 15.
Nc3 Ne4 16. Nxe4 dxe4 17. Rxe4 Rc8 18. a3 cxb3 19. cxb3 Na5 20. Qb2 Rb8 21. Bd1
Bd6 22. Rxe8+ Qxe8 23. Qe2 Qd7 24. Be3 Re8 25. Qd3 Re6 26. Bg4 Rxe3 27. Qxe3
Qxg4 28. Qe8+ Bf8 29. Qe5 Nc6 30. Qd5 Ne7 31. Qa5 Qxf4 32. Qe5 Qh6 33. Qa5 Ng6
34. Qxa6 Qe3+ 35. Kh1 Nf4 36. Qc4 Qf2 37. Qf1 Qxf1+ 38. Rxf1 Nd3 39. d5 Bxa3 40.
h3 h6 41. Rf3 Ne5 42. Rc3 Kh7 43. Rc8 Nd3 44. Rd8 Nf2+ 45. Kh2 Ne4 46. Ra8 Bd6+
47. Kg1 Bc5+ 48. Kh2 Bd6+ 49. Kg1 Bc5+ 50. Kh2 Bd6+ {Game drawn by repetition}
1/2-1/2

[Event "Team 45 45 League T44"]
[Site "Internet Chess Club"]
[Date "2010.02.06"]
[Round "1"]
[White "zepled37"]
[Black "Quaq"]
[Result "1-0"]
[WhiteElo "1766"]
[BlackElo "1585"]
[Opening "Sicilian: closed"]
[ECO "B23"]
[Time "09:04:13"]
[TimeControl "2700+45"]

1. e4 c5 2. Nc3 g6 3. d4 cxd4 4. Qxd4 Nf6 5. Bb5 Bg7 6. e5 Ng8 7. Nf3 Nc6 8.
Bxc6 bxc6 9. O-O Qb6 10. Qd1 e6 11. Ne4 Ne7 12. Nd6+ Kf8 13. Be3 Qa5 14. Nxc8
Rxc8 15. Qxd7 Bxe5 16. Nxe5 Qxe5 17. Bh6+ {Black resigns} 1-0

[Event "Team 45 45 League T44"]
[Site "Internet Chess Club"]
[Date "2010.02.06"]
[Round "1"]
[White "LazyPeon"]
[Black "MaxII"]
[Result "1/2-1/2"]
[WhiteElo "1610"]
[BlackElo "1668"]
[Opening "Old Benoni defense"]
[ECO "A43"]
[Time "05:01:14"]
[TimeControl "2700+45"]

1. d4 c5 2. Nf3 cxd4 3. Nxd4 Nf6 4. g3 e5 5. Nf3 Nc6 6. Bg2 Bc5 7. O-O O-O 8.
Nc3 d5 9. Bg5 Be6 10. Bxf6 gxf6 11. Nh4 e4 12. Qd2 Ne5 13. e3 Nc4 14. Qe2 Nxb2
15. Qh5 Qd7 16. Rab1 Nc4 17. Rfd1 Nb6 18. Bxe4 f5 19. Nxf5 f6 20. Nh4 Bg4 21.
Bxd5+ Kg7 22. Bf3 Qxd1+ 23. Rxd1 Bxh5 24. Bxh5 Rac8 25. Nf5+ Kh8 26. Ne2 Nc4 27.
Ned4 Ne5 28. Ne6 Rg8 29. Nh6 Rge8 30. Bxe8 Rxe8 31. Nxc5 Rc8 32. Nxb7 Rxc2 33.
a4 Ra2 34. a5 Nf3+ 35. Kg2 Nd2 36. Nf7+ Kg7 37. Nfd6 Rb2 38. Nc8 Ne4 39. Rd7+
Kg6 40. Ne7+ Kg5 41. Rd5+ Kh6 42. Nf5+ Kg6 43. Nbd6 Nxf2 44. Nh4+ Kg7 45. Ndf5+
Kf7 46. Kf3 Nh3 47. Rd7+ Ke6 48. Rxa7 Ng5+ 49. Kg4 Rxh2 50. Re7+ Kd5 51. a6 Ra2
52. a7 Ra4+ 53. Nd4 Kd6 54. Nf5+ Kc5 55. Kh5 Kb6 56. Ne6 Ne4 57. Rxh7 Rxa7 58.
Rxa7 Kxa7 59. Ned4 Kb6 60. Kg6 Kc5 61. Ne6+ Kc4 62. Nf4 Kc3 63. Nd5+ Kd3 64.
Nxf6 Nxg3 65. Nxg3 Kxe3 {Game drawn by mutual agreement} 1/2-1/2

[Event "Team 45 45 League T44"]
[Site "Internet Chess Club"]
[Date "2010.02.06"]
[Round "1"]
[White "BrerRabbit"]
[Black "xt"]
[Result "0-1"]
[WhiteElo "1499"]
[BlackElo "1593"]
[Opening "English opening"]
[ECO "A20"]
[Time "19:10:23"]
[TimeControl "2700+45"]

1. c4 e5 2. g3 Nf6 3. Bg2 Bc5 4. e3 c6 5. Nc3 O-O 6. Nge2 Re8 7. d4 exd4 8. exd4
Bb4 9. O-O d5 10. cxd5 Nxd5 11. Nxd5 cxd5 12. Nf4 Be6 13. Qb3 Nc6 14. Be3 Qd7
15. Rac1 Red8 16. Nxe6 Qxe6 17. Rxc6 Qxc6 18. Qxb4 a5 19. Qb3 b5 20. Rc1 Qb7 21.
a4 b4 22. Rc5 Rac8 23. Bxd5 Qa7 24. Qc4 Rxc5 25. Qxc5 Qxc5 26. dxc5 Rxd5 27. Kf1
Kf8 28. Ke2 Ke7 29. h3 g6 30. g4 Kd7 31. h4 Kc6 32. b3 Re5 33. Kd3 f5 34. f3 Kd5
35. Bf4 Re1 36. Bc7 Rf1 37. Ke2 Rb1 38. Bxa5 Kxc5 39. Bc7 Rxb3 40. a5 Ra3 41.
Bb6+ Kb5 42. Kd2 Rxf3 43. gxf5 Rxf5 44. Kc2 Rh5 45. Bd8 h6 46. Kb3 Rd5 47. Bb6
Rd6 48. Bc7 Ra6 49. Bd8 Rxa5 50. Bxa5 Kxa5 {White resigns} 0-1

[Event "Team 45 45 League T44"]
[Site "Internet Chess Club"]
[Date "2010.02.06"]
[Round "1"]
[White "Gilguli"]
[Black "sly20"]
[Result "1-0"]
[WhiteElo "1532"]
[BlackElo "1357"]
[Opening "Caro-Kann defense"]
[ECO "B15"]
[Time "16:16:29"]
[TimeControl "2700+45"]

1. e4 c6 2. d4 d5 3. Nc3 dxe4 4. Bc4 Nf6 5. f3 e5 6. dxe5 Qxd1+ 7. Kxd1 exf3 8.
Nxf3 Ng4 9. Ke2 Nd7 10. Bf4 Nb6 11. Bb3 Be6 12. Bxe6 fxe6 13. h3 Nh6 14. Rad1
Nf7 15. Ng5 Nxg5 16. Bxg5 h6 17. Bf4 Nd5 18. Nxd5 cxd5 19. Rd3 Rc8 20. Rc1 g5
21. Be3 Bg7 22. Bd4 O-O 23. Rb3 b6 24. Ra3 Rf4 25. Ke3 Re4+ 26. Kd3 Rc7 27. c4
Bxe5 28. Bxe5 Rxe5 29. Rac3 Kf7 30. cxd5 Rxc3+ 31. Rxc3 Rxd5+ 32. Ke4 Kf6 33. g4
b5 34. Ra3 Rd7 35. Ra5 Rb7 36. Ra3 Rd7 37. Rf3+ Ke7 38. b4 Rc7 39. Ke5 Rd7 40.
Ra3 Rd5+ 41. Ke4 Rd7 42. Ra5 Rb7 43. Kd4 Kd7 44. Ke5 Ke7 45. Ra6 Kf7 46. Rxe6
Re7 47. Rxe7+ Kxe7 48. Kd5 Kf6 49. Kc5 Ke5 50. Kxb5 Kf4 51. Ka6 Kg3 52. Kxa7
Kxh3 53. b5 Kxg4 54. b6 h5 55. b7 h4 56. b8=Q h3 57. Qb4+ Kh5 58. Qe1 g4 59. Qg3
Kg5 60. a4 h2 61. Qxh2 {Black resigns} 1-0

[Event "Team 45 45 League T44"]
[Site "Internet Chess Club"]
[Date "2010.02.08"]
[Round "1"]
[White "Dolphin"]
[Black "vaknight"]
[Result "1/2-1/2"]
[WhiteElo "1638"]
[BlackElo "1703"]
[Opening "Sicilian: Canal-Sokolsky (Nimzovich-Rossolimo, Moscow) attack"]
[ECO "B51"]
[Time "20:02:10"]
[TimeControl "2700+45"]

1. e4 c5 2. Nf3 d6 3. Bb5+ Nc6 4. O-O Bd7 5. Nc3 Nf6 6. d3 g6 7. Be3 Bg7 8. Qd2
Ng4 9. Bf4 a6 10. Bxc6 bxc6 11. h3 Nf6 12. Bh6 O-O 13. Bxg7 Kxg7 14. e5 Nd5 15.
exd6 exd6 16. Ne4 Bf5 17. Rfe1 Rb8 18. b3 Qd7 19. Re2 h6 20. Rae1 Bxh3 21. gxh3
Qxh3 22. Ng3 f5 23. c4 f4 24. cxd5 fxg3 25. Re7+ Kg8 26. Qe2 gxf2+ 27. Kxf2 Qh2+
28. Ke3 Qf4+ 29. Kf2 Qd4+ 30. Kg3 Qf4+ 31. Kg2 Qg4+ 32. Kf2 Rxf3+ 33. Qxf3 Rf8
34. Qxf8+ Kxf8 35. Re8+ Kf7 36. dxc6 Qf4+ 37. Kg2 Qg4+ 38. Kf2 Qf4+ 39. Kg2
{Game drawn by mutual agreement} 1/2-1/2

[Event "Team 45 45 League T44"]
[Site "Internet Chess Club"]
[Date "2010.02.08"]
[Round "1"]
[White "quaksterjohny"]
[Black "clarinetref"]
[Result "1-0"]
[WhiteElo "1411"]
[BlackElo "1611"]
[Opening "Sicilian: Alapin's variation (2.c3)"]
[ECO "B22"]
[Time "17:06:49"]
[TimeControl "2700+45"]

1. e4 c5 2. c3 d6 3. d4 Nf6 4. Bd3 cxd4 5. cxd4 Nc6 6. Nf3 Bg4 7. Nbd2 Rc8 8.
Qa4 Qa5 9. Bb5 Qxa4 10. Bxa4 e6 11. e5 Nd5 12. Nc4 Bxf3 13. gxf3 dxe5 14. dxe5
a6 15. Ne3 Nf4 16. Nc2 Nd3+ 17. Ke2 Nxc1+ 18. Raxc1 b5 19. Bb3 Nxe5 20. a4 g6
21. axb5 axb5 22. Nd4 Rxc1 23. Rxc1 Bh6 24. Rc8+ Ke7 25. Rxh8 Bg7 26. Rxh7 Bf6
27. Nxe6 Nc4 28. Bxc4 bxc4 29. Nf4 Bxb2 30. Kd2 Kf6 31. Kc2 Be5 32. Nd5+ Ke6 33.
Ne3 c3 34. Ng4 Bd4 35. Rh8 f5 36. Rd8 Bg7 37. Ne3 Bf6 38. Rc8 f4 39. Nd1 Bd4 40.
Nxc3 Bxf2 41. Ne2 g5 42. Kd3 Kf5 43. Re8 Kg6 44. Ke4 Kf7 45. Ra8 Kg7 46. Nxf4
gxf4 47. Kxf4 Bg1 48. h3 Kg6 49. Rg8+ {Black resigns} 1-0

[Event "Team 45 45 League T44"]
[Site "Internet Chess Club"]
[Date "2010.02.05"]
[Round "1"]
[White "tryanything"]
[Black "check-man"]
[Result "1-0"]
[WhiteElo "1600"]
[BlackElo "1527"]
[Opening "Sicilian: Smith-Morra gambit"]
[ECO "B21"]
[Time "16:46:35"]
[TimeControl "2700+45"]

1. e4 c5 2. d4 cxd4 3. c3 g6 4. cxd4 d5 5. e5 Bg7 6. f4 Nc6 7. Nf3 f6 8. Nc3 a6
9. Be2 Nh6 10. a3 Be6 11. b4 b5 12. Be3 Rc8 13. Rc1 Bf7 14. O-O O-O 15. h3 Qb6
16. g4 fxe5 17. Ng5 exd4 18. Nxf7 Rxf7 19. Nxd5 Qd8 20. Bf3 dxe3 21. Rxc6 Rxc6
22. Nf6+ Rcxf6 23. Qxd8+ Bf8 24. Bd5 e6 25. g5 Rxf4 26. Rxf4 Rxf4 27. Bxe6+ Nf7
28. Qd3 Rf3 29. Bd5 Rg3+ 30. Kh2 Rxg5 31. Bxf7+ Kxf7 32. Qxe3 Bd6+ 33. Kh1 Rg3
34. Qa7+ Kg8 35. Qxa6 Rxh3+ 36. Kg2 Rh2+ 37. Kg1 Rd2 38. Qxb5 Kg7 39. a4 h5 40.
a5 h4 41. a6 h3 42. Qd7+ Kg8 43. Qxh3 Rd1+ 44. Kf2 Kg7 45. b5 Rd2+ 46. Ke3 Bb4
47. Qg4 Rb2 48. Qd4+ Kh6 49. Qxb2 Bc5+ 50. Kf3 g5 51. Kg4 Kg6 52. Qc2+ {Black
resigns} 1-0

[Event "Team 45 45 League T44"]
[Site "Internet Chess Club"]
[Date "2010.02.05"]
[Round "1"]
[White "Playslikefish"]
[Black "Salvatore"]
[Result "0-1"]
[WhiteElo "1443"]
[BlackElo "1693"]
[Opening "Réti opening"]
[ECO "A04"]
[Time "18:00:35"]
[TimeControl "2700+45"]

1. Nf3 b6 2. c4 Bb7 3. g3 d5 4. cxd5 Bxd5 5. Bg2 Nf6 6. Nc3 Bb7 7. Qb3 e6 8. d3
Be7 9. Bf4 O-O 10. O-O Nbd7 11. d4 Nd5 12. Nxd5 Bxd5 13. Qc2 c5 14. e4 Bb7 15.
dxc5 Nxc5 16. Rad1 Qc8 17. e5 Qc6 18. Nh4 Qc7 19. Nf3 Rac8 20. Rc1 Qb8 21. Ng5
Bxg5 22. Bxg5 Bxg2 23. Kxg2 Qb7+ 24. Kg1 Ne4 {White resigns} 0-1

[Event "Team 45 45 League T44"]
[Site "Internet Chess Club"]
[Date "2010.02.07"]
[Round "1"]
[White "CKNIGHT3"]
[Black "PANAMA-REY"]
[Result "0-1"]
[WhiteElo "1471"]
[BlackElo "1428"]
[Opening "QGD: Marshall defense"]
[ECO "D06"]
[Time "12:02:45"]
[TimeControl "2700+45"]

1. d4 d5 2. c4 Nf6 3. Nc3 Bf5 4. Qb3 dxc4 5. Qxb7 Nbd7 6. e4 Be6 7. d5 Rb8 8.
Qxa7 Bg4 9. h3 Bh5 10. Bxc4 Bg6 11. Bd3 e5 12. Nf3 Bc5 13. Qa4 O-O 14. Bg5 h6
15. Bxf6 Qxf6 16. Qxd7 Bh5 17. Be2 Rxb2 18. Na4 Rc2 19. Qxc7 Bb4+ 20. Kd1 Rxc7
21. Nb2 Rfc8 22. Nd3 Bxf3 23. Bxf3 Bc3 24. Rc1 Qa6 25. Be2 Qa4+ 26. Rc2 Bd4 27.
Ne1 Rxc2 28. Nxc2 Qxc2+ 29. Ke1 Bc3+ 30. Kf1 Qc1+ 31. Bd1 Qxd1# {White
checkmated} 0-1

[Event "Team 45 45 League T44"]
[Site "Internet Chess Club"]
[Date "2010.02.08"]
[Round "1"]
[White "ollo"]
[Black "quaker"]
[Result "0-1"]
[WhiteElo "1234"]
[BlackElo "1325"]
[Opening "Sicilian: Grand Prix attack"]
[ECO "B21"]
[Time "13:59:44"]
[TimeControl "2700+45"]

1. e4 c5 2. f4 d6 3. Bb5+ Nc6 4. Bxc6+ bxc6 5. Nf3 g6 6. c3 Bg7 7. d3 Qc7 8. O-O
Nf6 9. Be3 Rb8 10. Qc2 Qb6 11. b3 Ng4 12. Bf2 O-O 13. h3 Nxf2 14. Qxf2 Ba6 15.
Rd1 Qa5 16. d4 Rxb3 17. axb3 Qxa1 18. Qc2 cxd4 19. cxd4 Rc8 20. Nc3 Qa5 21. e5
c5 22. Qa2 Qxc3 23. Qxa6 cxd4 24. Nxd4 Qe3+ 25. Kh1 Rc1 26. Qf1 Rxd1 27. Qxd1
Qxf4 28. Nc6 Bxe5 29. Nxe5 Qxe5 30. Qf3 Kg7 31. Qb7 a5 {White resigns} 0-1

[Event "Team 45 45 League T44"]
[Site "Internet Chess Club"]
[Date "2010.02.07"]
[Round "1"]
[White "Cicero"]
[Black "David2500"]
[Result "0-1"]
[WhiteElo "1147"]
[BlackElo "1364"]
[Opening "Queen's pawn game"]
[ECO "D04"]
[Time "15:00:19"]
[TimeControl "2700+45"]

1. d4 d5 2. Nf3 Nf6 3. e3 Bg4 4. Bd3 Nc6 5. c3 e5 6. Nbd2 e4 7. Nb3 exd3 8. Qxd3
Bxf3 9. gxf3 Bd6 10. e4 dxe4 11. fxe4 O-O 12. Bg5 Be7 13. Rg1 Ne5 14. Qg3 Nc4
15. Bh6 g6 16. Bxf8 Bxf8 17. h4 h5 18. O-O-O Bh6+ 19. Kb1 Nxe4 20. Qd3 Qd5 21.
Rg2 Ned2+ 22. Nxd2 Nxd2+ 23. Ka1 Qxg2 24. Rxd2 Bxd2 25. Qxd2 Qf1+ {White
resigns} 0-1

[Event "Team 45 45 League T44"]
[Site "Internet Chess Club"]
[Date "2010.02.05"]
[Round "1"]
[White "UnderRated"]
[Black "rcddcr"]
[Result "1/2-1/2"]
[WhiteElo "1667"]
[BlackElo "1550"]
[Opening "Vienna game"]
[ECO "C27"]
[Time "19:00:18"]
[TimeControl "2700+45"]

1. e4 e5 2. Nc3 Nf6 3. Bc4 Nxe4 4. Qh5 Nd6 5. Bb3 Be7 6. Nb5 g6 7. Qf3 O-O 8.
Nxd6 Bxd6 9. d3 Qe7 10. Bh6 Re8 11. O-O-O Nc6 12. Ne2 Na5 13. h4 Nxb3+ 14. axb3
c6 15. h5 a5 16. Nc3 Bc7 17. hxg6 fxg6 18. Ne4 Bd8 19. Bg5 Qf8 20. Qh3 Bxg5+ 21.
Nxg5 h5 22. Qg3 d5 23. Rxh5 Qf4+ 24. Qxf4 exf4 25. Rh4 Kg7 26. Rxf4 Re5 27. Nf3
Rf5 28. Rh4 Rh5 29. Re1 Rxh4 30. Nxh4 g5 31. Nf3 g4 32. Nd4 Kf7 33. Rh1 Kg7 34.
Kd2 Bd7 35. Re1 Kf6 36. g3 c5 37. Ne2 Re8 38. Nf4 Rxe1 39. Kxe1 Bc6 40. d4 cxd4
41. Kd2 Ke5 42. Kd3 Bb5+ 43. Kd2 Ke4 44. Ne6 b6 45. Ng5+ Ke5 46. Nf7+ Kf6 47.
Nd6 Bd7 48. c4 Ke6 49. Nb7 Ke5 50. c5 Bc8 51. Nd6 Ba6 52. Nf7+ Kf6 53. Nh6 bxc5
54. Nxg4+ Kf5 55. f3 Bc8 56. Nf2 {Game drawn by mutual agreement} 1/2-1/2